 Dungeon Crawl Stone Soup version 0.32-a0-931-g5a2cda0630 (webtiles) character file.

Game seed: 7362697704932131535

6260 gohu the Severer (level 10, -2/86 HPs)
             Began as a Mountain Dwarf Fighter on Apr 13, 2024.
             Was a Priest of Okawaru.
             Slain by a shadow (19 damage)
             ... on level 8 of the Dungeon.
             The game lasted 00:17:01 (9026 turns).

gohu the Severer (Mountain Dwarf Fighter)           Turns: 9026, Time: 00:17:02

Health: -2/86      AC: 18    Str: 23    XL:     10   Next: 62%
Magic:  0/10       EV: 12    Int:  9    God:    Okawaru [***...]
Gold:   432        SH:  4    Dex:  9    Spells: 9/9 levels left

rFire   . . .        a - +0 war axe
rCold   . . .        c - +0 buckler
rNeg    . . .        w - +0 chain mail {Will+}
rPois   .            O - +0 helmet
rElec   .            i - +0 cloak
rCorr   .            (no gloves)
SInv    .            F - +0 pair of boots
Will    ++...        G - amulet of guardian spirit Stlth
                     l - +5 ring of evasion
HPRegen 0.34/turn    I - +4 ring of protection
MPRegen 0.12/turn

%: guardian spirit
@: attractive, hasted, very quick
A: runic magic, artefact enchanting
a: Renounce Religion, Heroism


You were on level 8 of the Dungeon.
You worshipped Okawaru.
Okawaru was most pleased with you.
You visited 2 branches of the dungeon, and saw 9 of its levels.

You collected 432 gold pieces.

Inventory:

Hand Weapons
 a - a +0 war axe (weapon)
 h - the +7 halberd "Vunwifuu" {heavy, Str+2}
   (You found it on level 2 of the Dungeon)

   Str+2:     It affects your strength (+2).
 H - a +0 halberd
Missiles
 E - 9 boomerangs (quivered)
Armour
 b - a +0 scale mail
 c - a +0 buckler (worn)
 i - a +0 cloak (worn)
 n - a +0 cloak
 p - a +0 plate armour
 w - a +0 chain mail of willpower (worn)
 A - a +0 cloak
 F - a +0 pair of boots (worn)
 O - a +0 helmet (worn)
Jewellery
 l - a +5 ring of evasion (left hand)
 G - an amulet of guardian spirit (around neck)
 I - a +4 ring of protection (right hand)
 K - a +6 ring of dexterity
Wands
 d - a wand of polymorph (11)
 v - a wand of warping (9)
 J - a wand of mindburst (16)
 R - a wand of flame (25)
Scrolls
 g - 3 scrolls of silence {unknown}
 j - 2 scrolls of poison {unknown}
 k - 4 scrolls of fog {unknown}
 m - 3 scrolls of identify {unknown}
 r - 2 scrolls of immolation {unknown}
 u - 3 scrolls of teleportation {unknown}
 y - 2 scrolls of enchant weapon {unknown}
 z - a scroll of fear {unknown}
 B - a scroll of amnesia {unknown}
 C - 2 scrolls of blinking {unknown}
 N - a scroll of enchant armour {unknown}
 Q - a scroll of brand weapon {unknown}
Potions
 e - 4 potions of haste
 f - 2 potions of heal wounds {unknown}
 o - 2 potions of lignification {unknown}
 q - a potion of ambrosia {unknown}
 s - 3 potions of curing
 t - 2 potions of magic {unknown}
 x - a potion of might
 D - 4 potions of attraction
 L - a potion of mutation {unknown}
 M - a potion of degeneration {unknown}
 P - 2 potions of berserk rage {unknown}


   Skills:
 + Level 7.3 Fighting
 * Level 15.2 Axes
 + Level 7.6 Armour
 + Level 5.9 Shields
 + Level 0.2 Invocations
 + Level 0.3 Evocations


You had 9 spell levels left.
You didn't know any spells.
Your spell library contained the following spells:

 Spells                   Type           Power      Damage    Failure   Level
 Foxfire                  Conj/Fire      0%         2x1d4     58%         1
 Stone Arrow              Conj/Erth      0%         3d7       91%         3
 Plasma Beam              Fire/Air       0%         2x1d10    100%        6
 Starburst                Conj/Fire      0%         6d3       100%        6
 Lehudib's Crystal Spear  Conj/Erth      0%         10d2      100%        8
 Summon Small Mammal      Summ           Unusable   N/A       N/A         1
 Call Canine Familiar     Summ           Unusable   N/A       N/A         3
 Animate Armour           Summ/Erth      Unusable   N/A       N/A         4
 Summon Blazeheart Golem  Fire/Summ      Unusable   N/A       N/A         4

Dungeon Overview and Level Annotations

Branches:
Dungeon (8/15)             Temple (1/1) D:6
   Lair: D:8-11

Altars:
Ashenzari
Cheibriados
Dithmenos
Elyvilon
Fedhas
Gozag
Hepliaklqana
Kikubaaqudgha
Nemelex Xobeh
Okawaru
Qazlal
Ru
Sif Muna
Trog
Uskayaw
Vehumet
Wu Jian
Xom
Yredelemnul
Zin
The Shining One

Annotations:
D:2 1 runed translucent door, Crazy Yiuf
D:4 2 transporters, Konar's ghost, amateur CoHu
D:7 2 transporters


Innate Abilities, Weirdness & Mutations

Your spellcasting is much less encumbered by armour.
You can use scrolls of enchantment on lesser artefacts.


Message History

The boulder beetle leaps!
You hit the centaur warrior but do no damage.
The centaur warrior is severely wounded.
The centaur warrior hits you.
* * * LOW HITPOINT WARNING * * *
The centaur warrior kicks you but does no damage.
You barely miss the centaur warrior.
The centaur warrior is severely wounded.
The centaur warrior hits you.
* * * LOW HITPOINT WARNING * * *
The centaur warrior kicks you but does no damage.
The boulder beetle is attracted toward you.
You barely miss the centaur warrior.
The centaur warrior is severely wounded.
The centaur warrior hits you but does no damage.
The centaur warrior closely misses you.
The boulder beetle leaps!
You barely miss the centaur warrior.
The centaur warrior is severely wounded.
You slash the centaur warrior!
The centaur warrior is almost dead.
The centaur warrior barely misses you. The centaur warrior closely misses you.
The boulder beetle is attracted toward you.
You hit the centaur warrior but do no damage.
The centaur warrior is almost dead.
The centaur warrior hits you but does no damage.
The centaur warrior closely misses you.
The boulder beetle is attracted toward you.
You slice the centaur warrior!!
You kill the centaur warrior!
Okawaru is honoured by your kill.
The boulder beetle is attracted toward you.
Your Axes skill increases to level 15!
The black bear is attracted toward you.
The boulder beetle is attracted toward you.
The boulder beetle leaps!
The black bear is attracted toward you.
Things that are here:
a +0 dagger; a +0 robe; an orc corpse The black bear is attracted toward you.
The shadow strikes at you from the darkness!
You die...

...........###B### ##.###..#
...........#.)§#.# ##.#.##..#
...........#.#§#.# #.#.#.#...
#..........#.#§#.# #.#.#.#...
...........#.#§#.# #.#.#.#...
...........#.#§..# #.#.#.#...
.......##..###.###########)###...
......####.#.....#.....# #.# #...
#......# #.#.###@#.....###.###..#
..##...###.#......##.##......#...
..#.....##.#####.#...).###.###...
.......#.#.#.....#.....# #.# #...
##.#.....#.###################...
.................................
...§............###..............
....§P..........###..............
....P............##.............#


There were no monsters in sight!

Vanquished Creatures
  A centaur warrior (D:8)
  An efreet (D:8)
  An unseen horror (D:8)
  5 yaks (D:8)
  2 wyverns
  2 steam dragons
  An acid dragon (D:7)
  5 sky beasts
  3 ogres
  A black bear (D:7)
  2 kobold brigands
  A phantom (D:5)
  Blork the orc (D:4)
  8 bullfrogs
  A gnoll sergeant (D:8)
  4 scorpions
  3 killer bees (D:8)
  2 electric eels (D:8)
  2 howler monkeys (D:5)
  4 crimson imps (D:3)
  5 jellies
  2 bombardier beetles (D:5)
  5 orc priests
  2 hounds (D:3)
  3 sleepcaps
  3 gnoll boudas
  6 iguanas
  Natasha (twice) (D:3)
  10 orc wizards
  18 gnolls
  11 adders
  A shadow imp (D:7)
  2 white imps
  4 ufetubi
  2 dart slugs
  3 ribbon worms
  20 orcs
  15 endoplasms
  3 giant cockroaches (D:1)
  8 hobgoblins
  7 jackals
  13 kobolds
  5 quokkas
  7 ball pythons
  3 bats (D:1)
  4 frilled lizards
  5 goblins
  8 rats
227 creatures vanquished.

Vanquished Creatures (others)
  An orc wizard (D:6)
  An orc (D:8)
2 creatures vanquished.

Grand Total: 229 creatures vanquished

Notes
Turn   | Place    | Note
-------+----------+-------------------------------------------
     0 | D:1      | gohu the Mountain Dwarf Fighter began the quest for the
                  | Orb.
     0 | D:1      | Reached XP level 1. HP: 19/19 MP: 1/1
   218 | D:1      | Reached XP level 2. HP: 26/26 MP: 2/2
   381 | D:1      | Reached skill level 3 in Axes
   399 | D:1      | Found a faded altar of an unknown god.
   773 | D:1      | Reached XP level 3. HP: 31/31 MP: 3/3
   979 | D:2      | Identified the +7 halberd "Vunwifuu" {heavy, Str+2}
  1278 | D:2      | Reached skill level 4 in Axes
  1278 | D:2      | Reached XP level 4. HP: 24/40 MP: 4/4
  1597 | D:2      | Found a runed translucent door.
  1598 | D:2      | Noticed Crazy Yiuf
  2193 | D:3      | Reached XP level 5. HP: 24/46 MP: 5/5
  2295 | D:3      | Found a glowing silver altar of Zin.
  2365 | D:3      | Found a shimmering altar of Xom.
  2386 | D:3      | Reached skill level 5 in Axes
  2482 | D:3      | Reached skill level 6 in Axes
  2482 | D:3      | Reached XP level 6. HP: 47/52 MP: 6/6
  2862 | D:3      | Noticed Natasha
  2870 | D:3      | Killed Natasha
  3284 | D:3      | Noticed Natasha
  3290 | D:3      | Killed Natasha
  3384 | D:4      | Noticed Konar's ghost (amateur CoHu)
  3389 | D:3      | Reached skill level 7 in Axes
  3586 | D:4      | Noticed a sky beast
  3628 | D:4      | Reached XP level 7. HP: 57/60 MP: 7/7
  4023 | D:4      | Reached skill level 5 in Armour
  4097 | D:3      | Reached skill level 8 in Axes
  4288 | D:4      | Found a transporter.
  4292 | D:4      | Found a transporter.
  4407 | D:4      | Noticed Blork the orc
  4418 | D:4      | Killed Blork the orc
  4695 | D:5      | Entered Level 5 of the Dungeon
  4744 | D:5      | Found an ancient bone altar of Kikubaaqudgha.
  4771 | D:5      | Reached skill level 9 in Axes
  4771 | D:5      | Reached XP level 8. HP: 52/67 MP: 8/8
  5161 | D:5      | Reached skill level 5 in Fighting
  5394 | D:5      | Reached skill level 10 in Axes
  5688 | D:5      | Reached skill level 11 in Axes
  6007 | D:6      | Found a staircase to the Ecumenical Temple.
  6013 | Temple   | Entered the Ecumenical Temple
  6025 | Temple   | Became a worshipper of Warmaster Okawaru
  6147 | D:6      | Reached XP level 9. HP: 74/74 MP: 9/9
  6630 | D:6      | Found a basalt altar of Yredelemnul.
  6909 | D:7      | Reached skill level 12 in Axes
  6909 | D:7      | Reached skill level 5 in Shields
  7035 | D:7      | Found a transporter.
  7041 | D:7      | Found a white marble altar of Elyvilon.
  7041 | D:7      | Found a transporter.
  7173 | D:7      | Reached * piety under Okawaru
  7534 | D:7      | Reached skill level 13 in Axes
  7705 | D:7      | Found a radiant altar of Vehumet.
  7746 | D:8      | Found a hazy altar of Hepliaklqana.
  7912 | D:8      | Identified the +4 spear of Cheibriados {venom, Str+3}
  7965 | D:8      | Reached ** piety under Okawaru
  7991 | D:8      | Found a blossoming altar of Fedhas.
  8053 | D:8      | Reached XP level 10. HP: 76/84 MP: 10/10
  8119 | D:8      | Reached skill level 14 in Axes
  8221 | D:8      | Found a hide-covered altar of Uskayaw.
  8221 | D:8      | Found a stormy altar of Qazlal.
  8972 | D:8      | Noticed a boulder beetle
  8988 | D:8      | Noticed a centaur warrior
  9021 | D:8      | Killed a centaur warrior
  9021 | D:8      | Reached *** piety under Okawaru
  9022 | D:8      | Reached skill level 15 in Axes
  9026 | D:8      | Slain by a shadow

Illustrated notes

Levels and vault maps discovered:
D:1:      onia_arrival_handbag, layout_loops_corners,
          hellmonk_ecumenical_altar_run_dry
D:2:      layout_loops_cross, uniq_crazy_yiuf_cottage
D:3:      layout_loops_corners, zin_scriptorium, led_xom_imps,
          cheibrodos_gnoll_hut, uniq_natasha
D:4:      layout_cave_pools, gammafunk_ghost_arena, nicolae_tricolors,
          uniq_blork_the_orc
D:5:      minmay_razor_zed, layout_basic, nicolae_kikubaaqudgha_miasma_corner
D:6:      layout_basic, kennysheep_little_box, minmay_temple_entry_ruins,
          nicolae_twisty_statue_hallways
D:7:      layout_basic, elyvilon_altar_4, marbit_many_paths
D:8:      minmay_the_grid_square_5x5_3x3
          [minmay_the_grid_square_5x5_inverted_slash,
          minmay_the_grid_square_5x5_three_small,
          minmay_the_grid_square_5x5_plus, minmay_the_grid_square_5x5_shuriken,
          minmay_the_grid_square_5x5_megaprize_diamond,
          minmay_the_grid_square_5x5_bridge, minmay_the_grid_square_5x5_shrine1,
          minmay_the_grid_square_5x5_two, minmay_the_grid_square_5x5_six],
          layout_cave_pools, fedhas_altar_2, nicolae_overflow_two_pavilions,
          nicolae_hepliaklqana_hazy_memory
Temple:   chequers_temple_sunken

Skill      XL: |  1  2  3  4  5  6  7  8  9 10 |
---------------+-------------------------------+-----
Axes           | 3 4 6 7 9 11 13 15 | 15.2
Armour         | 4 5 6 7 |  7.6
Fighting       | 4 5 6 7 |  7.3
Shields        | 4 5 |  5.9
Invocations    | |  0.2
Evocations     | |  0.3

Action                     |  1- 3 |  4- 6 |  7- 9 | 10-12 || total
---------------------------+-------+-------+-------+-------++-------
  Melee: War axe           |   144 |   198 |   462 |   136 ||   940
         Unarmed           |       |       |     6 |       ||     6
 Invoke: Heroism           |       |       |       |     3 ||     3
  Evoke: Wand              |       |       |     4 |       ||     4
    Use: Potion            |       |       |     1 |     3 ||     4
 Armour: Scale mail        |    84 |   133 |    35 |       ||   252
         Plate armour      |       |       |     8 |       ||     8
         Skin              |       |       |     1 |       ||     1
         Chain mail        |       |       |   224 |   141 ||   365
  Dodge: Dodged            |    60 |   126 |   215 |    49 ||   450
  Block: Buckler           |    37 |    41 |    81 |    19 ||   178

Table legend: (Time is in decaauts)
 A = Elapsed time spent in this place.
 B = Non-inter-level travel time spent in this place.
 C = Inter-level travel time spent in this place.
 D = Time resting spent in this place.
 E = Time spent auto-exploring this place.
 F = Levels seen in this place.
 G = Mean time per level.
                   A        B        C        D        E       F      G
               +--------+--------+--------+--------+--------+-----+--------+
         Total |   9095 |   8379 |    716 |    215 |   6062 |   9 | 1010.6 |
       Dungeon |   9072 |   8366 |    706 |    215 |   6062 |   8 | 1134.0 |
        Temple |     22 |     12 |     10 |      0 |      0 |   1 |   22.0 |
               +--------+--------+--------+--------+--------+-----+--------+

Top non-repeatable levels by time:
     D:3: 1959 daAuts
     D:8: 1245 daAuts
     D:5: 1240 daAuts
     D:1: 1173 daAuts
     D:2: 960 daAuts
     D:6: 933 daAuts
     D:7: 844 daAuts
     D:4: 715 daAuts
  Temple: 22 daAuts
